[Event "Early-Titled-Tuesday-Blitz-May-28-2024"]
[Site "Chess.com"]
[Date "2024.05.28"]
[Round "9"]
[White "dianamirza"]
[Black "PowerThinking2650"]
[Result "0-1"]
[WhiteElo "2000"]
[BlackElo "2508"]
[TimeControl "180+1"]
[EndTime "9:47:06 PDT"]
[Termination "PowerThinking2650 won on time"]

1. d4 Nf6 2. c4 g6 3. Nc3 Bg7 4. e4 d6 5. f3 O-O 6. Be3 Nbd7 7. Qd2 c5 8. d5 Ne5 9. h4 Qb6 10. O-O-O h5 11. Be2 e6 12. dxe6 Bxe6 13. Qxd6 Qxd6 14. Rxd6 Bxc4 15. Bxc5 Rfc8 16. Bd4 Ne8 17. Bxe5 Bxe5 18. Rd7 Bxa2 19. Kd2 Rd8 20. Rxd8 Rxd8+ 21. Kc2 Be6 22. Bd3 Nd6 23. Nge2 Nc4 24. f4 Bxc3 25. Kxc3 Nxb2 26. Kxb2 Rxd3 27. Kc2 Rd7 28. Ra1 a6 29. Nc3 Rc7 30. Kd3 Bc4+ 31. Kd4 Kg7 32. Nd5 Bxd5 33. Kxd5 Rc8 34.
Rb1 b5 35. e5 Rb8 36. Kd6 b4 37. Kc7 Rb5 38. Kc6 b3 39. g4 hxg4 40. Rg1 b2 0-1

[Event "Early-Titled-Tuesday-Blitz-May-28-2024"]
[Site "Chess.com"]
[Date "2024.05.28"]
[Round "9"]
[White "AlbusSevresPotter"]
[Black "GoltsevDmitry2000"]
[Result "0-1"]
[WhiteElo "2563"]
[BlackElo "2754"]
[TimeControl "180+1"]
[EndTime "9:47:07 PDT"]
[Termination "GoltsevDmitry2000 won by resignation"]

1. e4 e6 2. d4 d5 3. Nc3 c5 4. exd5 exd5 5. dxc5 Nf6 6. Be3 Nc6 7. Nf3 Bg4 8. Bb5 Be7 9. h3 Bh5 10. g4 Bg6 11.
Ne5 Rc8 12. Bxc6+ bxc6 13. O-O Nd7 14. Nxd7 Qxd7 15. Re1 O-O 16. Bd4 Rce8 17. Qd2 f5 18. f3 fxg4 19. fxg4 Bh4 20. Rxe8 Rxe8 21. Bf2 Bf6 22. Bd4 Bd8 23. Re1 Rxe1+ 24. Qxe1 Bxc2 25. Qf2 Bg6 26. b4 Bc7 27. a4 a6 28. Qe3 h5 29. Qg5 Qe6 30. gxh5 Qe1+ 31. Kg2 Be4+ 32. Nxe4 Qxe4+ 33. Kf1 Qxd4 34. Qg6 Qf6+ 35. Qxf6 gxf6 36. Ke2 Kh7 37. Kd3 Be5 38. b5 axb5 39. axb5 cxb5 40. c6 Kh6 41. c7 Bxc7 42. Kd4 b4 43. Kxd5 b3 0-1

[Event "Early-Titled-Tuesday-Blitz-May-28-2024"]
[Site "Chess.com"]
[Date "2024.05.28"]
[Round "9"]
[White "lamomiajunior"]
[Black "Fh2411"]
[Result "1-0"]
[WhiteElo "2731"]
[BlackElo "2556"]
[TimeControl "180+1"]
[EndTime "9:47:08 PDT"]
[Termination "lamomiajunior won by resignation"]

1. d4 d5 2. Nc3 c6 3. Bf4 Nf6 4. e3 Bf5 5. f3 h6 6. g4 Bh7 7. h4 e6 8. Qd2 Nbd7 9. Nge2 Nb6 10. Ng3 Bd6 11. O-O-O Qc7 12. g5 Bxf4 13. exf4 Nfd7 14. b3 O-O-O 15. a4 Kb8 16. Kb2 Nc8 17. Bh3 Nd6 18.
Rhe1 hxg5 19. fxg5 Nc4+ 20. bxc4 Qxg3 21. Bg4 dxc4 22. a5 Bg6 23. Na4 Rxh4 24. Qb4 Rh2 25.
Rc1 Qf2 26. Ka3 Bxc2 27. Nc3 Bb3 28. Qd6+ Kc8 29. Re2 Qxe2 30. Nxe2 Rxe2 31. Qe7 Nb8 32. Qxf7 Na6 33. Bxe6+ Kb8 34. Bxc4 Bxc4 35. Qxc4 Rf8 36.
Qxe2 1-0

[Event "Early-Titled-Tuesday-Blitz-May-28-2024"]
[Site "Chess.com"]
[Date "2024.05.28"]
[Round "9"]
[White "chessburger_tv"]
[Black "GMAneta"]
[Result "1-0"]
[WhiteElo "2403"]
[BlackElo "2509"]
[TimeControl "180+1"]
[EndTime "9:47:08 PDT"]
[Termination "chessburger_tv won by resignation"]

1. g3 Nf6 2. Bg2 d5 3. Nf3 g6 4.
O-O Bg7 5. d3 O-O 6. c3 c5 7.
Qa4 h6 8. Be3 b6 9. b4 Bd7 10.
Qa3 cxb4 11. cxb4 Ne8 12. Bd4 e5 13. Bxe5 Bxe5 14. Nxe5 Qf6 15. d4 Be6 16. Qf3 Qe7 17. a3 a5 18. Nc3 axb4 19. axb4 Rxa1 20. Rxa1 Qxb4 21. Qe3 Nc7 22. Rb1 Qa5 23. Rc1 Kg7 24.
Nd3 Nd7 25. Nf4 Rc8 26. h4 Rd8 27. Nd1 b5 28. Nd3 b4 29. Nc5 Nxc5 30. Rxc5 Qa1 31.
Rc1 Ra8 32. Qe5+ Kh7 33. Rxa1 Rxa1 34. Qxc7 Rxd1+ 35. Kh2 b3 36. Qb7 Rb1 37. Bxd5 Bxd5 38. Qxd5 Kg8 39. Qd8+ Kg7 40. h5 Rd1 41. Qb8 Rb1 42.
hxg6 Kxg6 43. d5 b2 44. d6 Rd1 45. Qxb2 Rxd6 46. Qc2+ Kf6 47. Kg2 Re6 48. Qc3+ Kf5 49. e3 Kg4 50. Qd4+ Kf5 51. Qf4+ Kg6 52. Qg4+ 1-0

[Event "Early-Titled-Tuesday-Blitz-May-28-2024"]
[Site "Chess.com"]
[Date "2024.05.28"]
[Round "9"]
[White "TitarovVasiliYouTube"]
[Black "MdChess1734"]
[Result "1-0"]
[WhiteElo "2575"]
[BlackElo "2411"]
[TimeControl "180+1"]
[EndTime "9:47:09 PDT"]
[Termination "TitarovVasiliYouTube won on time"]

1. g3 d5 2. Bg2 Nf6 3. Nf3 Bf5 4. O-O e6 5. d3 h6 6. Nbd2 Be7 7. c4 O-O 8. Qb3 Na6 9. d4 Nb4 10. a3 Nc6 11.
Qxb7 Na5 12. Qa6 Nxc4 13. Nxc4 dxc4 14. Qxc4 Be4 15. Bf4 Nd5 16. Bd2 Rb8 17. b4 Bf6 18. Rac1 Rc8 19. Rfd1 Nb6 20. Qa6 Qd5 21. Bf4 g5 22. Be5 Be7 23. Bxc7 g4 24. Ne1 Bg5 25.
e3 Bxg2 26. Nxg2 Qf3 27. Bxb6 axb6 28. Qxb6 Rc2 29. Rf1 Rfc8 30. Rxc2 Rxc2 31. Qb8+ Kg7 32. Qe5+ Kg8 33. b5 Qe2 34. Nf4 1-0

[Event "Early-Titled-Tuesday-Blitz-May-28-2024"]
[Site "Chess.com"]
[Date "2024.05.28"]
[Round "9"]
[White "Dubs123"]
[Black "MarlonJodar"]
[Result "1-0"]
[WhiteElo "2453"]
[BlackElo "2312"]
[TimeControl "180+1"]
[EndTime "9:47:09 PDT"]
[Termination "Dubs123 won on time"]

1. Nf3 d5 2. g3 Nf6 3. Bg2 g6 4. b3 Bg7 5. Bb2 O-O 6. O-O c6 7. c4 Bf5 8. Nc3 a5 9. Rc1 Nbd7 10. Nd4 Bg4 11. h3 e5 12. Nxc6 bxc6 13. hxg4 d4 14. Na4 Nxg4 15. Bxc6 Rc8 16. Bg2 Qg5 17. Bh3 Qh5 18. Bxg4 Qxg4 19. e3 Qh3 20. Qf3 Qe6 21.
exd4 exd4 22. Rfe1 Qd6 23. c5 Qc7 24. Qd5 Ne5 25.
Bxd4 Rfd8 26. Bxe5 Rxd5 27. Bxc7 Rxc7 28. Re8+ Bf8 29.
Rc2 Kg7 30. c6 Bb4 31. Nb6 Rd6 32. Rc8 Ra7 33. c7 Bxd2 34. Rg8+ Kxg8 35. c8=Q+ Kg7 36. Nc4 Rdd7 37. Nxd2 Re7 38. Qc3+ Kg8 39. Nf3 Rad7 40. Rd2 Rxd2 41. Qxd2 h6 42. Qxa5 1-0

[Event "Early-Titled-Tuesday-Blitz-May-28-2024"]
[Site "Chess.com"]
[Date "2024.05.28"]
[Round "9"]
[White "Adar_07"]
[Black "ATM622"]
[Result "1-0"]
[WhiteElo "2773"]
[BlackElo "2575"]
[TimeControl "180+1"]
[EndTime "9:47:12 PDT"]
[Termination "Adar_07 won by resignation"]

1. e4 c6 2. Nf3 d5 3. exd5 cxd5 4.
d4 Nf6 5. Bd3 Nc6 6. c3 Bg4 7.
Bf4 e6 8. Nbd2 Bd6 9. Bg3 O-O 10.
Qb3 Qc7 11. Qc2 Rfe8 12. O-O-O Rac8 13. Kb1 e5 14. dxe5 Nxe5 15. Nxe5 Bxd1 16. Rxd1 Bxe5 17. Bh4 Ne4 18. Nxe4 dxe4 19. Bxe4 h6 20. Bf5 Rcd8 21. Bxd8 Rxd8 22. g3 Rxd1+ 23. Qxd1 g6 24. Be4 Qb6 25. Qf3 Kg7 26. Bxb7 Bf6 27. Bd5 a5 28. Bb3 Qb5 29.
Qd1 Qb6 30. Qd5 Qc7 31. a4 h5 32. Ka2 Qa7 33. f4 Qc7 34. h3 Qe7 35. Qxa5 Qe2 36. g4 hxg4 37. hxg4 Qxg4 38. Qd5 Qxf4 39. Qxf7+ Kh6 40.
a5 Qe5 41. Qd5 Qe2 42. Qc6 Kg5 43. Bf7 Qf1 44. a6 Qf2 45. Qe4 Bxc3 46. Qxg6+ Kh4 47.
Qh5+ Kg3 48. Qg5+ Kh2 49. Qh5+ Kg1 50. Qd1+ Kh2 51. Qb3 Bxb2 52. Qxb2 Kh1 53. Bd5+ Kg1 1-0

[Event "Early-Titled-Tuesday-Blitz-May-28-2024"]
[Site "Chess.com"]
[Date "2024.05.28"]
[Round "9"]
[White "AwareIdea"]
[Black "GrotBchess"]
[Result "0-1"]
[WhiteElo "2476"]
[BlackElo "2586"]
[TimeControl "180+1"]
[EndTime "9:47:13 PDT"]
[Termination "GrotBchess won by resignation"]

1. c4 e5 2. Nc3 Nf6 3. Nf3 e4 4. Ng5 c6 5. Ngxe4 Nxe4 6. Nxe4 d5 7. cxd5 cxd5 8. Nc3 d4 9. Nb1 Nc6 10. e3 d3 11. a3 Bc5 12. b4 Bb6 13. Nc3 O-O 14. g3 Ne5 15. Bg2 Bg4 16. f3 Be6 17. O-O Rc8 18.
h4 Bxe3+ 19. Kh2 Bd4 20. Re1 Ng6 21. Re4 Bf5 22. Rxd4 Qxd4 23. Bb2 Rfe8 24. Qf1 Qd6 25. f4 Qd7 26. Qf2 a6 27. Qf3 Rc7 28. h5 Nf8 29.
Qd5 Qxd5 30. Nxd5 Rc2 31. Bc3 Re2 32. Kh1 Bd7 33. h6 Bc6 34. hxg7 Nd7 35. Bf3 f6 36. Kg1 Bxd5 37. Bxd5+ Kxg7 38. Kf1 Nb6 39. Bxb7 Nc4 40. Bxa6 Nxd2+ 41. Bxd2 Rexd2 42. Re1 Rf2+ 43. Kg1 Rg2+ 44. Kh1 Rh2+ 45. Kg1 Rcg2+ 46. Kf1 d2 47. Rd1 Rh1+ 48. Kxg2 Rxd1 49. Be2 Re1 50. Bg4 d1=Q 51. Bxd1 Rxd1 52.
a4 Rb1 53. a5 Rxb4 54. a6 Ra4 55. Kf3 Rxa6 56. Kg4 Ra5 57. Kh4 h5 58. g4 hxg4 59. Kxg4 Kg6 60. Kh4 Kf5 61. Kh5 Kxf4+ 0-1

[Event "Early-Titled-Tuesday-Blitz-May-28-2024"]
[Site "Chess.com"]
[Date "2024.05.28"]
[Round "9"]
[White "David_ATM"]
[Black "DarZay"]
[Result "1-0"]
[WhiteElo "2443"]
[BlackElo "2306"]
[TimeControl "180+1"]
[EndTime "9:47:13 PDT"]
[Termination "David_ATM won on time"]

1. e4 c5 2. c3 e6 3. d4 d5 4. exd5 exd5 5. Bd3 cxd4 6. cxd4 Nc6 7. Nf3 Bd6 8. h3 Nf6 9. Nc3 h6 10. O-O O-O 11. Re1 Re8 12. Be3 Be6 13. Qd2 Qe7 14. Bf4 Bxf4 15. Qxf4 Rac8 16. Rac1 a6 17. Ne5 Nh5 18.
Nxc6 bxc6 19. Qf3 Qg5 20. Ne2 Rb8 21. b3 Rb7 22. Rc2 Rbe7 23. Ng3 Nf4 24. Bf1 Kh7 25. Rec1 Bd7 26. Bd3+ g6 27. Bf1 h5 28. Ne2 Nxe2+ 29. Rxe2 Rxe2 30. Bxe2 Qxc1+ 31. Kh2 Qd2 32. Qxf7+ Kh6 33.
Qxd7 Qxe2 34. Qxc6 Qe6 35. Qc1+ g5 36. g3 Qd6 37. h4 Qf6 38. Kg2 1-0

[Event "Early-Titled-Tuesday-Blitz-May-28-2024"]
[Site "Chess.com"]
[Date "2024.05.28"]
[Round "9"]
[White "GothamChess"]
[Black "Sondremelaa"]
[Result "1-0"]
[WhiteElo "2785"]
[BlackElo "2577"]
[TimeControl "180+1"]
[EndTime "9:47:15 PDT"]
[Termination "GothamChess won on time"]

1. e4 e5 2. Nf3 Nc6 3. c3 Nf6 4. d4 Nxe4 5. d5 Bc5 6. dxc6 Bxf2+ 7. Ke2 Bb6 8. Qd5 Nf2 9. Rg1 O-O 10. cxb7 Bxb7 11.
Qxb7 d5 12. Qc6 Rb8 13. b4 Ng4 14. Bg5 Qc8 15. Qxd5 Bxg1 16. Nxg1 Qf5 17. Nf3 h6 18. h3 Qc2+ 19. Nbd2 hxg5 20. hxg4 Rbd8 21. Qe4 Qxc3 22.
Rd1 Rd7 23. Nxg5 Rfd8 24. Qh7+ Kf8 25. Nge4 Qc2 26. Qh8+ Ke7 27. Qxg7 Rd4 28. Qxe5+ Kf8 29.
Qc5+ Qxc5 30. bxc5 Kg7 31. Ke3 Ra4 32. Bc4 Ra3+ 33.
Bb3 a5 34. Kf4 a4 35. Bc4 Rd4 36. Ke5 Rd8 37. Rf1 Re8+ 38. Kd5 Rd8+ 39. Kc6 Re3 40. Rxf7+ Kg6 41. Rxc7 a3 42. Rd7 Rc8+ 43. Kb7 Re8 44. c6 Re1 45. Bf7+ Kg7 46. Bxe8+ Kh8 47. c7 1-0

[Event "Early-Titled-Tuesday-Blitz-May-28-2024"]
[Site "Chess.com"]
[Date "2024.05.28"]
[Round "9"]
[White "AnishOnYoutube"]
[Black "Timerkhanov"]
[Result "1-0"]
[WhiteElo "3024"]
[BlackElo "2744"]
[TimeControl "180+1"]
[EndTime "9:47:19 PDT"]
[Termination "AnishOnYoutube won by resignation"]

1. Nf3 d5 2. g3 Nf6 3. Bg2 g6 4. O-O Bg7 5. c4 c6 6. b3 O-O 7. Bb2 a5 8. d3 a4 9. Nbd2 a3 10. Bc3 c5 11. Nb1 d4 12. Bd2 Nc6 13. Bc1 e5 14. Nfd2 Qc7 15. Nxa3 Bf5 16. Nb5 Qd7 17.
Ne4 Nxe4 18. dxe4 Bh3 19. a3 h5 20. Qd3 h4 21. gxh4 Bxg2 22. Kxg2 Qg4+ 23. Kh1 Qxh4 24.
Rg1 Qxf2 25. Bg5 f5 26. Nd6 f4 27. Rgf1 Qe3 28. Nxb7 Rfb8 29. Nxc5 Bf8 30. Rf3 Qxd3 31. Nxd3 Rxb3 32. Nxe5 Rxf3 33. Nxf3 Rxa3 34. Rxa3 Bxa3 35. Bxf4 Bc5 36. Ne5 Na5 37. Kg2 Kg7 38. Nd3 Be7 39. c5 Nc4 40. c6 Kf7 41. c7 Nb6 42. Ne5+ Kg7 43. Nc6 Bf6 44. Na7 1-0

[Event "Early-Titled-Tuesday-Blitz-May-28-2024"]
[Site "Chess.com"]
[Date "2024.05.28"]
[Round "9"]
[White "jumpingknight20"]
[Black "DishonorOnYourCow"]
[Result "1-0"]
[WhiteElo "2792"]
[BlackElo "2586"]
[TimeControl "180+1"]
[EndTime "9:47:21 PDT"]
[Termination "jumpingknight20 won on time"]

1. Nf3 d5 2. g3 Nf6 3. Bg2 g6 4. O-O Bg7 5. d3 O-O 6. Nbd2 c5 7. e4 dxe4 8. dxe4 Nc6 9. c3 Bg4 10. Qc2 Qc7 11. Nc4 Rad8 12. Bf4 Qc8 13. Rfd1 Bh3 14. e5 Bxg2 15. Kxg2 Nh5 16. Qe4 Nxf4+ 17. Qxf4 b5 18. Ne3 Qb7 19. Kg1 Qb8 20. Ng4 h5 21.
Nh6+ Kh7 22. Nxf7 Rxd1+ 23. Rxd1 e6 24. N7g5+ Kg8 25. Qe4 Nxe5 26. Nxe5 Qxe5 27. Qxg6 Qf5 28. Qxe6+ Qxe6 29. Nxe6 Re8 30. Nxg7 Kxg7 31. Kf1 Kf6 32. Rd5 b4 33. Rxh5 bxc3 34. bxc3 Rc8 35. c4 Ke6 36. Rd5 a5 37. h4 a4 38. Kg2 a3 39. h5 Rb8 40. Rxc5 Rb2 41. h6 Kf7 42.
Rg5 Rxa2 43. h7 1-0

[Event "Early-Titled-Tuesday-Blitz-May-28-2024"]
[Site "Chess.com"]
[Date "2024.05.28"]
[Round "9"]
[White "zverr1"]
[Black "mostafa_sakha"]
[Result "0-1"]
[WhiteElo "2581"]
[BlackElo "2311"]
[TimeControl "180+1"]
[EndTime "9:47:22 PDT"]
[Termination "mostafa_sakha won by checkmate"]

1. e4 e5 2. Nf3 Nc6 3. Bc4 Nf6 4. Ng5 d5 5. exd5 Na5 6. Bb5+ c6 7. dxc6 bxc6 8. Be2 h6 9. Nh3 g5 10. d3 Bg7 11. Nc3 O-O 12. Ng1 c5 13. Nf3 Nc6 14. Nd2 Nd4 15. Nde4 Qc7 16. Nxf6+ Bxf6 17. Nd5 Qd6 18.
Nxf6+ Qxf6 19. h4 Qg7 20. hxg5 hxg5 21. c3 Nxe2 22. Qxe2 Bf5 23. Be3 c4 24. dxc4 Rad8 25. Rd1 f6 26. Qf3 Rxd1+ 27. Qxd1 Be6 28. b3 a5 29. Qd6 Qf7 30. O-O a4 31. Rd1 axb3 32.
axb3 Ra8 33. Qc6 Rc8 34. Qd6 Ra8 35. Qc6 Rb8 36. Qb6 Rxb6 37. Bxb6 Qb7 38. c5 Bxb3 39. Rd6 Kf7 40. Bd8 Be6 41. Bb6 Qe4 42. c6 Bd5 43. c7 Qxg2# 0-1

[Event "Early-Titled-Tuesday-Blitz-May-28-2024"]
[Site "Chess.com"]
[Date "2024.05.28"]
[Round "9"]
[White "KononenkoD"]
[Black "David_Arutinian"]
[Result "1-0"]
[WhiteElo "2615"]
[BlackElo "2810"]
[TimeControl "180+1"]
[EndTime "9:47:23 PDT"]
[Termination "KononenkoD won by resignation"]

1. d4 Nf6 2. c4 e6 3. g3 d5 4.
Nf3 Bb4+ 5. Bd2 Be7 6. Bg2 O-O 7. O-O c6 8. Qc2 b6 9. Ne5 Bb7 10. cxd5 cxd5 11. Rc1 Nfd7 12. Bf4 Nxe5 13. Bxe5 Nc6 14. Qa4 Rc8 15. Bf4 a6 16. Nc3 b5 17. Qd1 Na5 18.
Rc2 Nc4 19. Rac1 Qd7 20. h4 h6 21. Nb1 g5 22. hxg5 hxg5 23. Bd2 Nxd2 24. Nxd2 Kg7 25.
Nf3 f6 26. Ne1 Rxc2 27. Rxc2 Bd6 28. Nd3 Qe7 29. Nc5 Bc8 30. Qc1 Rh8 31. Nd3 Bd7 32. Nc5 Bc8 33. Nd3 Bd7 34. Nc5 Be8 35.
Nxa6 Qa7 36. Nc5 Bf7 37. a3 Qb8 38. Nd7 Qd8 39. Nc5 Qg8 40. Nd3 Qb8 41. Qe3 Qa7 42. Rc6 Rd8 43. Nc5 Qe7 44. Rb6 Bxc5 45. dxc5 d4 46. Qc1 d3 47. exd3 Rxd3 48. Bf1 Rd5 49. Rxb5 Qd8 50. c6 Rd1 51. c7 Rxc1 52. cxd8=Q e5 53.
Rb8 Bc4 54. Qh8+ Kg6 55. Rg8+ Kf5 56. Qh7+ Ke6 57. Re8+ Kd6 58. Qe7+ Kd5 59. Qf7+ Ke4 60. Qxc4+ Rxc4 61. Bxc4 1-0

[Event "Early-Titled-Tuesday-Blitz-May-28-2024"]
[Site "Chess.com"]
[Date "2024.05.28"]
[Round "9"]
[White "McCarthyStone"]
[Black "Keithonsky"]
[Result "1-0"]
[WhiteElo "2477"]
[BlackElo "2628"]
[TimeControl "180+1"]
[EndTime "9:47:23 PDT"]
[Termination "McCarthyStone won by checkmate"]

1. b3 c5 2. Bb2 Nc6 3. Nf3 d5 4. g3 d4 5. Bg2 e5 6. O-O Bd6 7. c3 Nge7 8. cxd4 cxd4 9. e3 d3 10. Nc3 f5 11. e4 f4 12. gxf4 exf4 13. e5 Bb8 14. Ne4 Bg4 15. b4 Nxe5 16. Qa4+ Bd7 17.
Qb3 Nxf3+ 18. Bxf3 Qb6 19. Bh5+ Kd8 20. Qxd3 Nf5 21.
Nc5 Qb5 22. Qd5 Nd6 23. Bf3 Bc6 24. Qg5+ Kc8 25. Bg4+ Kc7 26. a4 Qxb4 27. Ne6+ Kc8 28. Qxg7 Re8 29. Rac1 Qe4 30. Nf8+ Kd8 31. Bf6+ Re7 32.
Ne6+ Qxe6 33. Bxe6 Nc8 34. Bxc8 Bd6 35. Bxe7+ Bxe7 36. Bg4 h5 37. Qd4+ Kc7 38. Bh3 Bd6 39. Rxc6+ bxc6 40. Rc1 Rg8+ 41. Kf1 Rg5 42. Qxa7+ Kd8 43.
Qd7# 1-0

[Event "Early-Titled-Tuesday-Blitz-May-28-2024"]
[Site "Chess.com"]
[Date "2024.05.28"]
[Round "9"]
[White "VirtualCoach"]
[Black "ailime26"]
[Result "1-0"]
[WhiteElo "2179"]
[BlackElo "2053"]
[TimeControl "180+1"]
[EndTime "9:47:24 PDT"]
[Termination "VirtualCoach won on time"]

1. Nf3 Nf6 2. c4 c5 3. Nc3 g6 4. d4 cxd4 5. Nxd4 Bg7 6. e4 O-O 7. Be3 a6 8. Be2 Qc7 9. O-O d6 10. Rc1 Nbd7 11. Nd5 Nxd5 12. cxd5 Qa5 13. a3 Nf6 14. f3 Bd7 15. Nb3 Qd8 16. Bd4 Rc8 17. Nd2 Nxd5 18. Nc4 Bxd4+ 19. Qxd4 Nf6 20. Nb6 Rxc1 21.
Rxc1 Bc6 22. Rd1 Nd7 23. Nc4 b5 24. Ne3 Qb6 25. Qd2 Rc8 26. Kh1 Nc5 27. Ng4 Bd7 28.
Nh6+ Kg7 29. Qf4 e5 30. Qxf7+ Kh8 31. Qe7 d5 32. Nf7+ Kg8 33. Ng5 Be6 34. Qxh7+ Kf8 35. Qh8+ Ke7 36. Qxe5 1-0

[Event "Early-Titled-Tuesday-Blitz-May-28-2024"]
[Site "Chess.com"]
[Date "2024.05.28"]
[Round "9"]
[White "DvaHrasta"]
[Black "littlepinkyboy"]
[Result "1-0"]
[WhiteElo "2463"]
[BlackElo "2622"]
[TimeControl "180+1"]
[EndTime "9:47:25 PDT"]
[Termination "DvaHrasta won on time"]

1. c4 e5 2. g3 Nf6 3. Bg2 d5 4.
cxd5 Nxd5 5. Nf3 Nc6 6. O-O Be7 7. d4 e4 8. Ne5 f5 9. Nxc6 bxc6 10. Qa4 Bd7 11. Na3 O-O 12. Nc4 Nb6 13. Nxb6 cxb6 14.
Qb3+ Kh8 15. f3 exf3 16. Bxf3 Bf6 17. Be3 Qe7 18. Bf2 Rad8 19. Rac1 Be6 20. Qa4 b5 21.
Qa6 Bc4 22. b3 Bd5 23. Bxd5 Rxd5 24. e3 Bg5 25. Rfe1 h5 26. h4 Bh6 27. Rxc6 Re8 28. Rc5 Rxc5 29. dxc5 Qxc5 30. Qg6 Re4 31. Qxh5 Rg4 32.
Rd1 Kh7 33. b4 Qe5 34. Rd8 Rxg3+ 35. Kf1 Rg6 36. Qf3 Qe6 37. Rd5 Qc6 38. Qxf5 Qc1+ 39. Ke2 Qc4+ 40. Kf3 Qc1 41. h5 Kg8 42. Rd8+ 1-0

[Event "Early-Titled-Tuesday-Blitz-May-28-2024"]
[Site "Chess.com"]
[Date "2024.05.28"]
[Round "9"]
[White "andbluesky"]
[Black "zurzan"]
[Result "0-1"]
[WhiteElo "1698"]
[BlackElo "2142"]
[TimeControl "180+1"]
[EndTime "9:47:26 PDT"]
[Termination "zurzan won on time"]

1. e4 c5 2. Nf3 d6 3. d4 cxd4 4. Qxd4 Nc6 5. Bb5 Bd7 6. Bxc6 bxc6 7. c4 Qb6 8. Be3 Qxd4 9. Nxd4 Nf6 10. Nc3 Rb8 11. b3 g6 12. O-O Bg7 13. Rfd1 O-O 14. f3 a6 15. Rac1 Rfc8 16. Kf2 h5 17. h3 c5 18. Nde2 Bc6 19. Nf4 a5 20. Nfd5 Bxd5 21. exd5 Nd7 22. f4 Nb6 23. g4 hxg4 24. hxg4 a4 25. f5 axb3 26. axb3 Nd7 27. Nb5 Ne5 28. Kg3 Ra8 29. Bf4 Ra2 30. Rd2 Rxd2 31. Bxd2 Ra8 32.
Bc3 Ra2 33. Ra1 Re2 34. Ra8+ Kh7 35. Kf4 Rf2+ 36. Kg3 Rf3+ 37. Kg2 Rf4 38. Ra2 Rxg4+ 39. Kf2 Nd3+ 40. Ke3 Rg3+ 41. Ke2 Rg2+ 42. Kxd3 Rxa2 43. Bxg7 Kxg7 44. fxg6 fxg6 45. Ke4 Rf2 46. Nc7 Kf6 47. Ne8+ Kf7 48. Nc7 g5 49. Nb5 g4 50. Ke3 Rb2 51. Kf4 Rxb3 52. Kxg4 Rb4 53. Nc7 Rxc4+ 0-1

[Event "Early-Titled-Tuesday-Blitz-May-28-2024"]
[Site "Chess.com"]
[Date "2024.05.28"]
[Round "9"]
[White "mortngabriel"]
[Black "crazy_but_lazy"]
[Result "0-1"]
[WhiteElo "2484"]
[BlackElo "2676"]
[TimeControl "180+1"]
[EndTime "9:47:27 PDT"]
[Termination "crazy_but_lazy won on time"]

1. e4 c6 2. Nf3 d5 3. Nc3 dxe4 4. Nxe4 Nf6 5. Qe2 Nxe4 6. Qxe4 Be6 7. c4 Nd7 8. d4 Nf6 9. Qe3 Bg4 10. Be2 e6 11. O-O Be7 12. b3 O-O 13. Bb2 a5 14. Ne5 Bxe2 15. Qxe2 a4 16. Rad1 axb3 17. axb3 Ra2 18.
Ra1 Qa5 19. Bc3 Rxe2 20. Bxa5 Rb2 21. Rab1 Rxb1 22. Rxb1 Ra8 23. Bc3 Ne4 24. Be1 Bf6 25.
f3 Bxe5 26. dxe5 Nc5 27. Bf2 Nd3 28. Rd1 Nxe5 29. Bg3 Ng6 30. Rd7 b5 31. cxb5 cxb5 32. Rb7 e5 33. h4 h5 34. Rxb5 Ra1+ 35. Kh2 f6 36. Rb8+ Kf7 37. b4 Ne7 38. Bf2 Ra2 39. Kg1 Rb2 40. b5 Ke6 41. b6 Rb1+ 42. Kh2 Rb2 43.
Kh1 Rxf2 44. b7 Rb2 45. Kh2 Rb4 46. Kg3 Kf7 47. Kh3 Nf5 48. g4 hxg4+ 49. fxg4 Rb3+ 50. Kh2 Nxh4 51. g5 Nf3+ 0-1

[Event "Early-Titled-Tuesday-Blitz-May-28-2024"]
[Site "Chess.com"]
[Date "2024.05.28"]
[Round "9"]
[White "EggLoser"]
[Black "andrzej"]
[Result "1-0"]
[WhiteElo "2316"]
[BlackElo "2477"]
[TimeControl "180+1"]
[EndTime "9:47:27 PDT"]
[Termination "EggLoser won by resignation"]

1. e4 c5 2. Nf3 d6 3. d4 cxd4 4.
Nxd4 Nf6 5. Nc3 a6 6. Bc4 e6 7.
Be3 Nbd7 8. f3 b5 9. Bb3 Nc5 10.
Qd2 Be7 11. O-O-O Bd7 12. g4 h6 13. h4 b4 14. Nce2 a5 15. g5 Nh5 16. gxh6 gxh6 17. Bxh6 a4 18. Bc4 b3 19. a3 bxc2 20. Nxc2 Rb8 21.
Be3 Qb6 22. Nb4 d5 23. exd5 Qc7 24. Kb1 Rxb4 25. axb4 Nb3 26. Bxb3 axb3 27. d6 Qc2+ 28. Qxc2 bxc2+ 29. Kxc2 Bf6 30. Bd4 e5 31. Bc3 Bf5+ 32.
Kc1 Kd7 33. f4 Rc8 34. fxe5 Bxe5 35. Rhf1 Bg6 36. Rd5 Bh8 37. Kd2 Bxc3+ 38. bxc3 Ng7 39. Nf4 Be4 40. Rd4 f5 41. Nd3 Rh8 42. Nc5+ Kc6 43.
Nxe4 fxe4 44. Rxe4 Kxd6 45. Rf6+ Kd7 46. Rf7+ Kd6 47. Rxg7 Rf8 48. Rg6+ Kd7 49. Rd4+ Kc7 50. h5 Rf5 51. h6 Rh5 52. Rg7+ Kc6 53. h7 Kb5 54.
Rd8 Ka4 55. h8=Q Rxh8 56. Rxh8 Kb3 57. b5 Kb2 58. b6 1-0

[Event "Early-Titled-Tuesday-Blitz-May-28-2024"]
[Site "Chess.com"]
[Date "2024.05.28"]
[Round "9"]
[White "PeshkaCh"]
[Black "bazar-wokzal"]
[Result "1-0"]
[WhiteElo "2851"]
[BlackElo "2582"]
[TimeControl "180+1"]
[EndTime "9:47:28 PDT"]
[Termination "PeshkaCh won on time"]

1. Nf3 c5 2. c4 g6 3. g3 Bg7 4.
Bg2 Nc6 5. O-O d6 6. Nc3 f5 7. e3 e5 8. d3 Nf6 9. a3 O-O 10.
Rb1 a5 11. Bd2 h6 12. Nb5 g5 13. d4 cxd4 14. exd4 f4 15. dxe5 dxe5 16. Bc3 e4 17.
Ne5 f3 18. Bh1 g4 19. Nd6 Qe7 20. Ng6 Qe6 21. Nxf8 Bxf8 22. Nxc8 Rxc8 23. Bxf6 Qxf6 24. Qd7 Nd4 25. Rfd1 Rxc4 26. Qd5+ Qf7 27. Rxd4 Qxd5 28. Rxd5 Bc5 29. Rbd1 e3 30. fxe3 Bxe3+ 31. Kf1 Rc2 32. R1d3 Rc1+ 33. Rd1 Rc2 34. Rd8+ Kf7 35. R1d3 Rc1+ 36. Rd1 Rc2 37. R1d7+ Ke6 38. Rd3 Rc1+ 39. Rd1 1-0

[Event "Early-Titled-Tuesday-Blitz-May-28-2024"]
[Site "Chess.com"]
[Date "2024.05.28"]
[Round "9"]
[White "kekic76"]
[Black "eltenedor"]
[Result "0-1"]
[WhiteElo "2318"]
[BlackElo "2206"]
[TimeControl "180+1"]
[EndTime "9:47:28 PDT"]
[Termination "eltenedor won on time"]

1. c4 b6 2. Nc3 Bb7 3. Nf3 g6 4. g3 Bxf3 5. exf3 c5 6. Bg2 Nc6 7. O-O e6 8. d3 Nge7 9. Ne4 Nf5 10. Bg5 Be7 11. Bf4 d5 12. Nc3 dxc4 13. dxc4 Qxd1 14.
Rfxd1 Ncd4 15. Nb5 Nxb5 16. cxb5 Nd4 17. Be5 O-O 18.
Bxd4 cxd4 19. Rxd4 Bf6 20. Rd2 Rfc8 21. f4 Rab8 22.
Bc6 Rd8 23. Rad1 Kf8 24. a4 Rbc8 25. b4 Rxd2 26. Rxd2 Bc3 27. Rd7 Bxb4 28. Rxa7 Rd8 29. Rb7 Rd1+ 30. Kg2 Ba5 31. Rb8+ Ke7 32. Rh8 h5 33. Re8+ Kf6 34. Rb8 Rd4 35. Rb7 Rd8 36. Kf3 Kg7 37. Ke4 Kf8 38. Ke5 Bc3+ 39. Ke4 Ba5 40. f3 Bc3 41. Rxb6 Rd4+ 0-1

[Event "Early-Titled-Tuesday-Blitz-May-28-2024"]
[Site "Chess.com"]
[Date "2024.05.28"]
[Round "9"]
[White "campochess"]
[Black "missponyo10"]
[Result "0-1"]
[WhiteElo "2117"]
[BlackElo "2246"]
[TimeControl "180+1"]
[EndTime "9:47:28 PDT"]
[Termination "missponyo10 won by resignation"]

1. d4 Nf6 2. Bg5 d5 3. Nd2 e6 4.
e3 Nbd7 5. Bd3 c5 6. c3 Bd6 7. f4 a6 8. Ngf3 b5 9. O-O Bb7 10. Ne5 h6 11. Nxd7 Kxd7 12. Bh4 Be7 13. Bf2 c4 14.
Bc2 g5 15. Bg3 g4 16. f5 h5 17. fxe6+ fxe6 18. Be5 Qf8 19. e4 Qh6 20. Qe2 Raf8 21. exd5 Bxd5 22. Rae1 h4 23. Ne4 h3 24. g3 Rhg8 25. Bf4 Qh5 26. Nxf6+ Rxf6 27. a4 Bg2 28.
Rf2 Qd5 29. axb5 axb5 30. Qe5 Rgf8 31. Qxd5+ Bxd5 32. Rfe2 Bd6 33. Be4 Bxf4 34. Bxd5 exd5 35. Re7+ Kd8 36. gxf4 Rxf4 37. Rb7 Rf2 38. Rb8+ Kd7 39. Rxf8 Rxf8 40. Re5 Kd6 41. Rg5 Ra8 42. Rxg4 Ra1+ 43. Kf2 Ra2 44. Rg6+ Kc7 45. Kg3 Rxb2 46. Kxh3 b4 47.
cxb4 c3 48. Rg3 c2 49. Rc3+ Kb6 50. Kg4 Kb5 51. h4 Kxb4 52. Rc5 Kb3 53. h5 Rb1 54. h6 c1=Q 55. Rxc1 Rxc1 56. Kg5 Rh1 57. Kg6 Kc4 0-1